 Dungeon Crawl Stone Soup version 0.13-a0-3073-ga7cf4ae (webtiles) character file.

3693 PolkaDot the Gusty (level 9, -5/49 (55) HPs)
             Began as a Vampire Wizard on Sept 16, 2013.
             Was a Priest of Sif Muna.
             Engulfed by their own flame (25 damage)
             ... on Level 8 of the Dungeon.
             The game lasted 00:53:29 (9284 turns).

PolkaDot the Gusty (Vampire Wizard)                 Turns: 9284, Time: 00:53:30

HP  -5/49 (55)   AC  3     Str  6      XL: 9   Next: 72%
MP  17/20        EV 12     Int 23      God: Sif Muna [***...]
Gold 344         SH  9     Dex 15      Spells:  3 memorised,  8 levels left

Res.Fire  : . . .   See Invis. : +   q - -2,-1 sling of Roqethrie {speed, Dex+3 Stl Res.Cold : . . . Warding : . a - +0 robe Life Prot.: + . . Conserve : . d - +0 orc buckler
Res.Poison: .       Res.Corr.  : +   b - +0 wizard hat
Res.Elec. : .       Clarity    : .   (no cloak)
Sust.Abil.: . .     Spirit.Shd : .   m - +0 pair of gloves
Res.Mut.  : .       Stasis     : .   (no boots)
Res.Rott. : .       Flight     : .   j - amulet of resist corrosion
Saprovore : . . .                    (no ring)
                                     w - ring of flight

@: somewhat resistant to hostile enchantments, quite stealthy
A: bottle blood, fangs 3, see invisible, wild magic 1, unbreathing
a: Bat Form, Bottle Blood, Channel Energy, Forget Spell, Renounce Religion,
Evoke Flight


You were on level 8 of the Dungeon.
You worshipped Sif Muna.
Sif Muna was greatly pleased with you.
You were not thirsty.

You visited 2 branches of the dungeon, and saw 9 of its levels.

You collected 324 gold pieces.

Inventory:

Hand weapons
 q - the -2,-1 sling of Roqethrie (weapon) {speed, Dex+3 Stlth+}
   (You took it off a crimson imp on level 5 of the Dungeon)

   Attacks with this weapon take half as long, but cause slightly less damage.
   It affects your dexterity (+3).
   It makes you much more stealthy.
 r - a +1,+1 sabre
Armour
 a - a +0 robe (worn)
 b - a +0 wizard hat (worn)
 d - a +0 orcish buckler (worn)
 m - a +0 pair of gloves (worn)
Magical devices
 l - a wand of invisibility (5)
 n - a wand of paralysis (10)
 o - a wand of random effects (6)
Scrolls
 f - a scroll of magic mapping
 g - 2 scrolls of blinking
 p - a scroll of identify
 t - a scroll of summoning {unknown}
 v - a scroll of recharging {unknown}
Jewellery
 i - an uncursed amulet of resist mutation
 j - an amulet of resist corrosion (around neck)
 w - a ring of flight (left hand)
Potions
 e - a potion of heal wounds
 k - a potion of mutation
 s - a potion of might {unknown}
 u - a potion of poison {unknown}
Books
 c - a book of Minor Magic

   Spells                             Type                      Level
   *Magic Dart                        Conjuration                  1
   Blink                              Translocation                2
   Call Imp                           Summoning                    2
   Repel Missiles                     Charms/Air                   2
   Slow                               Hexes                        2
   *Conjure Flame                     Conjuration/Fire             3
   *Mephitic Cloud                    Conjuration/Poison/Air       3


   Skills:
 - Level 2.1 Dodging
 - Level 3.0 Stealth
 - Level 2.5 Shields
 - Level 3.6 Spellcasting
 + Level 6.9 Conjurations
   Level 1.0 Summonings
   Level 0.7 Translocations
 + Level 4.0 Fire Magic
 * Level 7.0 Air Magic
 + Level 3.5 Invocations


You had 8 spell levels left.
You knew the following spells:

 Your Spells              Type           Power        Failure   Level  Hunger
a - Magic Dart            Conj           ####         3%          1    None
d - Mephitic Cloud        Conj/Pois/Air  #####...     13%         3    ###....
s - Conjure Flame         Conj/Fire      #####...     11%         3    ###....


Dungeon Overview and Level Annotations

Branches:
Dungeon (8/27)             Temple (1/1) D:6
    Orc: D:6-11        Lair: D:8-13

Altars:
Ashenzari
Cheibriados
Elyvilon
Fedhas
Kikubaaqudgha
Makhleb
Nemelex Xobeh
Okawaru
Sif Muna
Trog
Vehumet
Xom
Yredelemnul
Zin
the Shining One


Innate Abilities, Weirdness & Mutations

You can bottle blood from corpses.
You have razor-sharp teeth.*
You have supernaturally acute eyesight.
You can survive without breathing.*
Your spells are a little harder to cast, but a little more powerful.+


Message History

You start resting.
A wight comes into view. It is wielding an orcish mace.
You block the wight's attack.
A wight comes into view. It is wielding a hand axe.
The wight moves out of view.
The wight barely misses you. 2 orcs come into view.
The orc moves out of view.
The orc warrior shouts!
Casting: Magic Dart
Confirm with . or Enter, or press ? or * to list all spells.
Aiming: Conjure Flame
Press: ? - help, Dir - move target cursor The fire roars!
The wight hits you with a glowing flail.
Really walk into that cloud of flame?
You are engulfed in roaring flames.
Your scroll of curse armour catches fire!
Ouch! That really hurt!
You die...

.#.#..........o...#
##.............o..#
###..............#
####............#
.............zo.#
###...#...#...##
.####...%.....zo#
...........##..##########
####........#...@........#
...#.##......##.######.###
...#.##...#.....# #.#
...#.##).###.#..# #.#
.........# #.#..# #.#
.........>......# #.#
...#.........#### #.###
...########### #..<# ...#
#####


You could see an orc warrior and 2 wights.

Vanquished Creatures
  The ghost of PleasurePal the Ruffian, an experienced TrBe of Trog (D:7)
  Eustachio (D:7)
  A hungry ghost (D:7)
  A hippogriff (D:7)
  Edmund (D:7)
  Menkaure (D:5)
  A sky beast (D:7)
  4 ogres
  3 phantoms
  Sigmund (D:7)
  A big kobold (D:7)
  2 giant frogs
  A jellyfish (D:7)
  2 goliath beetles
  5 crimson imps
  A giant frog zombie (D:6)
  4 hounds
  5 orc priests
  2 scorpions
  2 big fish (D:7)
  4 worker ants
  4 iguanas
  4 orc wizards
  Ijyb (D:3)
  A hound zombie (D:5)
  A worker ant zombie (D:5)
  8 gnolls
  5 adders
  An inept feature mimic (D:2)
  4 worms
  A grey rat (D:7)
  A giant eyeball (D:7)
  24 orcs
  3 ball pythons (D:2)
  7 bats
  3 giant cockroaches
  12 hobgoblins
  5 jackals
  3 quokkas
  A giant gecko (D:6)
  5 giant newts
  15 goblins
  2 goblin skeletons
  24 kobolds
  11 rats
  A butterfly (D:6)
191 creatures vanquished.

Notes
Turn   | Place    | Note
--------------------------------------------------------------
     0 | D:1      | PolkaDot, the Vampire Wizard, began the quest for the Orb.
     0 | D:1      | Reached XP level 1. HP: 11/11 MP: 6/6
    77 | D:1      | Reached skill level 1 in Conjurations
   244 | D:1      | Reached XP level 2. HP: 13/17 MP: 1/8
   794 | D:1      | Reached XP level 3. HP: 12/22 MP: 0/10
  2436 | D:2      | Reached XP level 4. HP: 24/28 MP: 8/12
  3124 | D:3      | Noticed Ijyb
  3191 | D:3      | Killed Ijyb
  3546 | D:3      | Found an ancient bone altar of Kikubaaqudgha.
  3547 | D:3      | Found a glowing golden altar of the Shining One.
  3592 | D:3      | Reached XP level 5. HP: 29/33 MP: 13/13
  3797 | D:4      | Found a blossoming altar of Fedhas.
  3798 | D:4      | Noticed an ogre
  3805 | D:4      | Learned a level 3 spell: Conjure Flame
  3809 | D:4      | Learned a level 3 spell: Mephitic Cloud
  3916 | D:4      | Killed an ogre
  3916 | D:4      | Reached skill level 4 in Conjurations
  4111 | D:4      | Noticed an ogre
  4125 | D:4      | Killed an ogre
  4125 | D:4      | Reached XP level 6. HP: 39/39 MP: 2/15
  4260 | D:4      | Reached skill level 5 in Conjurations
  4390 | D:4      | Noticed a phantom
  4408 | D:4      | Killed a phantom
  4484 | D:4      | Reached XP level 7. HP: 36/44 MP: 4/17
  4986 | D:4      | Reached skill level 6 in Conjurations
  5081 | D:4      | Found an iron altar of Okawaru.
  5194 | D:5      | Entered Level 5 of the Dungeon
  5195 | D:5      | Upgraded the game from 0.13-a0-3060-g5a62039 to 0.13-a0-3073-ga7cf4ae
  5227 | D:5      | Noticed Menkaure
  5236 | D:5      | Killed Menkaure
  5236 | D:5      | Reached skill level 1 in Air Magic
  5331 | D:5      | Reached skill level 1 in Shields
  5331 | D:5      | Reached skill level 1 in Fire Magic
  5422 | D:5      | Got an ebony hand axe
  5423 | D:5      | Identified the hand axe of Cruel Justice {antimagic, +Blink rN+} (You found it on level 5 of the Dungeon)
  5704 | D:6      | Found a staircase to the Ecumenical Temple.
  5714 | Temple   | Entered the Ecumenical Temple
  5871 | Temple   | Became a worshipper of Sif Muna the Loreminder
  5949 | D:5      | Reached XP level 8. HP: 50/50 MP: 4/18
  6209 | D:5      | Gained mutation: Your spells are a little harder to cast, but a little more powerful. [potion of mutation]
  6632 | D:5      | Got a jewelled sling
  6633 | D:5      | Identified the cursed sling of Roqethrie {speed, Dex+3 Stlth+} (You took it off a crimson imp on level 5 of the Dungeon)
  7082 | D:6      | Acquired Sif Muna's first power
  7782 | D:7      | Reached skill level 5 in Air Magic
  7782 | D:7      | Reached skill level 1 in Invocations
  7960 | D:7      | Noticed PleasurePal's ghost (experienced TrBe)
  7967 | D:7      | Noticed Edmund
  7978 | D:7      | Killed Edmund
  8014 | D:7      | Killed PleasurePal's ghost
  8014 | D:7      | Acquired Sif Muna's second power
  8014 | D:7      | Reached XP level 9. HP: 17/49 MP: 8/20
  8184 | D:7      | Noticed Eustachio
  8290 | D:7      | Killed Eustachio
  8351 | D:7      | Noticed Sigmund
  8366 | D:7      | Killed Sigmund
  8999 | D:7      | Paralysed by a giant eyeball for 3 turns
  9175 | D:8      | Reached skill level 7 in Air Magic
  9284 | D:8      | Engulfed by their own flame

Action                   |  1- 3 |  4- 6 |  7- 9 || total
-------------------------+-------+-------+-------++-------
Melee: Unarmed           |     4 |     7 |       ||    11
       Sabre             |       |    36 |    29 ||    65
 Cast: Magic Dart        |   104 |   138 |   418 ||   660
       Mephitic Cloud    |       |     5 |    17 ||    22
       Conjure Flame     |       |     2 |    35 ||    37
Invok: Channel Energy    |       |       |    79 ||    79
 Abil: End Transformatio |     1 |       |     2 ||     3
       Bat Form          |     1 |       |     2 ||     3
       Bottle Blood      |       |       |     8 ||     8
Evoke: Wand              |       |     2 |     5 ||     7
  Use: Potion            |       |     2 |    11 ||    13
       Scroll            |       |    10 |     9 ||    19
 Stab: Paralysed         |       |     1 |       ||     1
       Sleeping          |       |     1 |       ||     1
       Confused          |       |       |     1 ||     1
